 Dungeon Sprint DCSS version 0.27-a0-1591-gc56fcc985a (webtiles) character file.

Game seed: 15713433226383947565

12770 Conn the Thaumaturge (level 11, -2/70 HPs)
             Began as an Octopode Hedge Wizard on July 19, 2021.
             Was the Champion of Sif Muna.
             Slain by a sixfirhy (3 damage)
             ... summoned by a mummy priest
             ... in the Dungeon (Sprint I: "Red Sonja").
             The game lasted 00:41:28 (3773 turns).

Conn the Thaumaturge (Octopode Hedge Wizard)        Turns: 3773, Time: 00:41:29

Health: -2/70      AC:  5    Str:  9    XL:     11   Next: 98%
Magic:  28/38      EV: 19    Int: 21    God:    Sif Muna [******]
Gold:   223        SH:  0    Dex: 13    Spells: 4/38 levels left

rFire    . . .     SeeInvis +   t - +11 quarterstaff of Mayhem {protect, rElec rN++ Will- rCorr Int+4}
rCold    . . .     Faith    .   (shield currently unavailable)
rNeg     + + .     Spirit   .   b - +0 hat
rPois    .         Reflect  .   (no amulet)
rElec    +         Harm     .   h - +4 ring of protection
rCorr    +         Rampage  .   d - +4 ring of evasion
Will     .....     NoTele   +   o - ring of magical power
Stlth    +++++.....             p - ring of see invisible
HPRegen  0.21/turn              (no ring)
MPRegen  0.26/turn              (no ring)
                                (no ring)
                                (no ring)

@: very slightly contaminated
A: almost no armour, amphibious, 8 rings, camouflage 1, gelatinous body 1,
(nimble swimmer 1), tentacles, dopey 1, subdued magic 1
a: Renounce Religion, Channel Magic, Forget Spell, Divine Exegesis


You were in the Dungeon.
You worshipped Sif Muna.
Sif Muna was exalted by your worship.
You visited 1 branch You collected 3162 gold pieces.
You spent 2939 gold pieces at shops.

Inventory:

Hand Weapons
 a - a +0 dagger
 g - a +0 short sword of distortion
 i - the +5 hand crossbow of the Singing Fool {penet, Fragile rC- rCorr Int+8}
   (You bought it in a shop in the Dungeon)

   Any ammunition fired by it passes through the targets it hits, potentially
   hitting all targets in its path until it reaches maximum range.
   Int:       It affects your intelligence (+8).
   rC:        It makes you vulnerable to cold.
   rCorr:     It protects you from acid and corrosion.
   Fragile:   It will be destroyed if unequipped.
 t - the +11 quarterstaff of Mayhem (weapon) {protect, rElec rN++ Will- rCorr Int+4}
   (You bought it in a shop in the Dungeon)

   It grants its wielder temporary protection when it strikes (+7 to AC).
   Int:       It affects your intelligence (+4).
   rElec:     It insulates you from electricity.
   rN:        It greatly protects you from negative energy.
   rCorr:     It protects you from acid and corrosion.
   Will:      It decreases your willpower.
Missiles
 e - 3 curare-tipped darts (quivered)
Armour
 b - a +0 hat (worn)
 k - a +0 buckler
 r - a +1 kite shield of reflection
Jewellery
 d - a +4 ring of evasion (right tentacle)
 h - a +4 ring of protection (left tentacle)
 o - a ring of magical power (on tentacle)
 p - a ring of see invisible (on tentacle)
Wands
 j - a wand of flame (21)
 q - a wand of iceblast (9)
Scrolls
 m - a scroll of amnesia
Potions
 c - 2 potions of curing
Miscellaneous
 n - a lightning rod (4/4)


   Skills:
 + Level 4.3 Fighting
 + Level 4.4 Short Blades
 + Level 0.6 Throwing
 + Level 5.7 Dodging
 - Level 8.0 Stealth
 + Level 5.0 Shields
 + Level 14.2 Spellcasting
 * Level 13.6 Conjurations
 + Level 7.0 Hexes
 - Level 5.0 Summonings
 + Level 5.8 Translocations
 * Level 11.3 Fire Magic
 - Level 5.0 Air Magic
 - Level 6.1 Poison Magic
 - Level 7.0 Invocations


You had 4 spell levels left.
You knew the following spells:

 Your Spells              Type           Power      Damage    Failure   Level
a - Magic Dart            Conj           100%       1d8       0%          1
b - Blink                 Tloc           N/A        N/A       1%          2
c - Call Imp              Summ           27%        N/A       1%          2
d - Slow                  Hex            34%        N/A       1%          2
e - Conjure Flame         Conj/Fire      51%        6-21      1%          3
f - Mephitic Cloud        Conj/Pois/Air  38%        N/A       1%          3
g - Searing Ray           Conj           100%       3d7       0%          2
h - Fulminant Prism       Conj/Hex       22%        3d13      1%          4
i - Fireball              Conj/Fire      25%        3d11      1%          5
j - Conjure Ball Lightni  Conj/Air       20%        3x3d6     12%         6
k - Iskenderun's Mystic   Conj/Tloc      43%        2d10      1%          4

Your spell library contained the following spells:

 Spells                   Type           Power      Damage    Failure   Level
 Corona                   Hex            37%        N/A       1%          1
 Ensorcelled Hibernation  Hex/Ice        44%        N/A       1%          2
 Dazzling Flash           Conj/Hex       90%        N/A       1%          3
 Tukima's Dance           Hex            34%        N/A       1%          3
 Cause Fear               Hex            17%        N/A       1%          4
 Iskenderun's Battlesphe  Conj           53%        2d10      1%          5
 Lightning Bolt           Conj/Air       20%        1d35      1%          5
 Starburst                Conj/Fire      25%        8x6d8     2%          6
 Freezing Cloud           Conj/Ice/Air   15%        6-21      7%          5
 Summon Forest            Summ/Tloc      14%        N/A       10%         5
 Orb of Destruction       Conj           26%        9d11      11%         7
 Metabolic Englaciation   Hex/Ice        11%        N/A       22%         5
 Agony                    Necr           11%        N/A       71%         5
 Borgnjor's Vile Clutch   Necr/Erth      5%         N/A       71%         5
 Lee's Rapid Deconstruct  Erth           5%         3d7*      71%         5
 Ignition                 Fire           24%        3d8       94%         8
 Dragon Form              Tmut           5%         N/A       100%        7
 Dragon's Call            Summ           13%        N/A       100%        9
 Fire Storm               Conj/Fire      25%        8d7       100%        9


Dungeon Overview and Level Annotations

Branches:
Dungeon (1/1)

Altars:
Cheibriados
Dithmenos
Elyvilon
Fedhas
Gozag
Hepliaklqana
Kikubaaqudgha
Makhleb
Nemelex Xobeh
Okawaru
Qazlal
Ru
Sif Muna
Trog
Uskayaw
Vehumet
Wu Jian
Xom
Yredelemnul
Zin
The Shining One
Jiyva
Lugonu

Shops:
D (*:[**[![:*(:?[?((*[[

Annotations:
D exclusion: oklob plant


Innate Abilities, Weirdness & Mutations

You cannot wear most types of armour.
You are amphibious.
You can wear up to eight rings at the same time.
Your skin changes colour to match your surroundings (Stealth+).
Your rubbery body absorbs attacks. (AC +1, EV +1)
((You are camouflaged near water. (Stealth+)))
You have tentacles for arms and can constrict up to eight enemies at once.
You are dopey. (Int -2)
Your spells are a little easier to cast, but a little less powerful.


Message History

Press: ? - help, v - describe, . - travel
Here: a hellwing (summoned)
The floor, spattered with blood.
Unknown command.
Unknown command.
Unknown command.
Casting: Blink (safe; 1% risk of failure)
Confirm with . or Enter, or press ? or * to list all spells.
Okay, then.
Unknown command.
Unknown command.
Blink to where?
Press: ? - help, Dir - move target
As you read the scroll of blinking, it crumbles to dust.
Casting: Blink (safe; 1% risk of failure)
Confirm with . or Enter, or press ? or * to list all spells.
You erupt in a blast of force!
The mystic blast hits the hellwing!
The hellwing is moderately wounded.
The hellwing is knocked back by the mystic blast.
The hellwing slams into the rock wall!
The mystic blast hits the sixfirhy!
The sixfirhy is heavily wounded.
The sixfirhy is knocked back by the mystic blast.
Magic courses through your body.
Unknown command.
Casting: Iskenderun's Mystic Blast (safe; 1% risk of failure)
Confirm with . or Enter, or press ? or * to list all spells.
You erupt in a blast of force!
The mystic blast hits the sixfirhy!
The sixfirhy is heavily wounded.
The sixfirhy is knocked back by the mystic blast.
The mystic blast hits the hellwing!
The hellwing is heavily wounded.
The hellwing is knocked back by the mystic blast.
The sixfirhy misses you. The sixfirhy hits you!
* * * LOW HITPOINT WARNING * * *
The sixfirhy shocks you. You resist.
* * * LOW HITPOINT WARNING * * *
The sixfirhy hits you.
* * * LOW HITPOINT WARNING * * *
The sixfirhy shocks you. You resist.
You die...

###################**************
#§÷÷.§§÷§§§§'.§#^^+,,,,*,,,,,,,,,
#§####§.§§.##§§'^^#,,,,**,,,,,,,,
#§#,*##.§.#######'#,,,,,*****,,,,
§§#+*,###+#,,,*#@.#,,,,,*,,,*,,,,
###^,,*,*,**,,,#3.##,,,,*,∩,*,,,,
^,*,,,***,,***,#..≈###+**,,,*,,,,
,,+,,,,,**,*,*,#..≈4.#,****+*,,,,
,,*^,,,,*,,***,#..).##+*,,,,**,,,
^^***++**,**,,,#..≈##,,,,^,,,**,,
^***,,***,,*+**#..≈#,,,,,,,,,,*,,
^****,,***,,,*P≈..##,,^^,,,,,,**,
+*,,*,,*,***,#M≈..#,,,,,,,,,,,,*,


You could see a hellwing (summoned) and a sixfirhy (summoned).

Vanquished Creatures
  A deep elf annihilator (D)
  A hydra (D)
  2 centaur warriors (D)
  Sonja (D)
  A deep troll (D)
  A lindwurm (D)
  An oklob plant (D)
  A shining eye (D)
  2 unseen horrors (D)
  2 kobold demonologists (D)
  4 demonic crawlers (D)
  A hornet (D)
  A slime creature (D)
  2 redbacks (D)
  Sigmund (D)
  A yak (D)
  13 hogs (D)
  3 floating eyes (D)
  7 necrophages (D)
  An ogre (D)
  8 jellies (D)
  Ijyb (D)
  A ballistomycete spore (D)
  2 fulminant prisms (D)
59 creatures vanquished.

Vanquished Creatures (collateral kills)
  7 shining eyes (D)
  4 floating eyes (D)
11 creatures vanquished.

Vanquished Creatures (others)
  A deep elf master archer (D)
  2 merfolk sirens (D)
  A gargoyle (D)
  4 hornets (D)
  2 ball lightnings (D)
  A ballistomycete spore (D)
  17 fulminant prisms (D)
28 creatures vanquished.

Grand Total: 98 creatures vanquished

Notes
Turn   | Place    | Note
-------+----------+-------------------------------------------
     0 | D        | Conn the Octopode Hedge Wizard began the quest for the Orb.
     0 | D        | Reached XP level 1. HP: 11/11 MP: 4/4
     1 | D        | Noticed Ijyb
    14 | D        | Killed Ijyb
    15 | D        | Reached skill level 1 in Short Blades
    15 | D        | Reached skill level 5 in Spellcasting
    15 | D        | Reached XP level 2. HP: 9/18 MP: 1/8
    15 | D        | Reached XP level 3. HP: 11/22 MP: 1/9
   233 | D        | Learned a level 2 spell: Blink
   236 | D        | Learned a level 2 spell: Call Imp
   239 | D        | Learned a level 2 spell: Slow
   243 | D        | Learned a level 3 spell: Conjure Flame
   255 | D        | Noticed an ogre
   337 | D        | Killed an ogre
   338 | D        | Reached skill level 6 in Spellcasting
   338 | D        | Reached XP level 4. HP: 7/27 MP: 5/12
   565 | D        | Learned a level 3 spell: Mephitic Cloud
   565 | D        | Noticed Sigmund
   574 | D        | Killed Sigmund
   575 | D        | Reached skill level 1 in Fighting
   575 | D        | Reached skill level 5 in Stealth
   575 | D        | Reached skill level 7 in Spellcasting
   575 | D        | Reached XP level 5. HP: 29/33 MP: 4/15
   575 | D        | Reached XP level 6. HP: 33/38 MP: 4/16
   665 | D        | Found an ornate altar of the Wu Jian Council.
   665 | D        | Found a shimmering blue altar of Sif Muna.
   667 | D        | Found a radiant altar of Vehumet.
   688 | D        | Became a worshipper of Sif Muna the Loreminder
   710 | D        | Found Pocitas's Armour Emporium.
   710 | D        | Found an ancient bone altar of Kikubaaqudgha.
   710 | D        | Found a hazy altar of Hepliaklqana.
   710 | D        | Found a stormy altar of Qazlal.
   710 | D        | Found a hide-covered altar of Uskayaw.
   710 | D        | Found a blossoming altar of Fedhas.
   710 | D        | Found a bloodstained altar of Trog.
   710 | D        | Found an iron altar of Okawaru.
   710 | D        | Found a basalt altar of Yredelemnul.
   710 | D        | Found a glowing golden altar of the Shining One.
   710 | D        | Found a snail-covered altar of Cheibriados.
   710 | D        | Found a sacrificial altar of Ru.
   710 | D        | Found a glowing silver altar of Zin.
   710 | D        | Found a shadowy altar of Dithmenos.
   710 | D        | Found a white marble altar of Elyvilon.
   710 | D        | Noticed a yak
   717 | D        | Killed a hornet
   725 | D        | Killed a yak
   726 | D        | Reached skill level 8 in Spellcasting
   726 | D        | Reached skill level 1 in Hexes
   726 | D        | Found an opulent altar of Gozag.
   727 | D        | Found a sparkling altar of Nemelex Xobeh.
   730 | D        | Killed a hornet
   888 | D        | Found a burning altar of Makhleb.
   888 | D        | Found a viscous altar of Jiyva.
   888 | D        | Found a shimmering altar of Xom.
   888 | D        | Found a corrupted altar of Lugonu.
   888 | D        | Noticed a slime creature
   902 | D        | Killed a slime creature
   903 | D        | Reached XP level 7. HP: 45/45 MP: 6/19
   962 | D        | Killed a hornet
  1032 | D        | Noticed Sonja
  1050 | D        | Killed Sonja
  1050 | D        | Reached * piety under Sif Muna
  1051 | D        | Reached skill level 9 in Spellcasting
  1051 | D        | Reached skill level 5 in Conjurations
  1051 | D        | Reached skill level 5 in Summonings
  1051 | D        | Reached skill level 5 in Translocations
  1051 | D        | Reached skill level 5 in Fire Magic
  1051 | D        | Reached skill level 5 in Air Magic
  1051 | D        | Reached XP level 8. HP: 50/50 MP: 7/21
  1103 | D        | Learned a level 2 spell: Searing Ray
  1108 | D        | Learned a level 4 spell: Fulminant Prism
  1147 | D        | Noticed a deep troll
  1156 | D        | Killed a deep troll
  1170 | D        | Found Biluej Biuzu's Armour Emporium.
  1206 | D        | Found Tedolenk's Antique Weapon Boutique.
  1234 | D        | Noticed a centaur warrior
  1245 | D        | Noticed a centaur warrior
  1261 | D        | Killed a centaur warrior
  1262 | D        | Reached skill level 10 in Spellcasting
  1262 | D        | Reached XP level 9. HP: 37/55 MP: 14/23
  1364 | D        | Noticed a hornet
  1378 | D        | Killed a hornet
  1379 | D        | Reached skill level 5 in Invocations
  1382 | D        | Killed a centaur warrior
  1382 | D        | Reached ** piety under Sif Muna
  1383 | D        | Reached skill level 11 in Spellcasting
  1482 | D        | Killed a hornet
  1492 | D        | Killed a gargoyle
  1557 | D        | Killed a merfolk siren
  1609 | D        | Noticed an oklob plant
  1640 | D        | Reached XP level 10. HP: 61/61 MP: 19/25
  1669 | D        | Killed a merfolk siren
  1695 | D        | Killed an oklob plant
  1696 | D        | Reached skill level 5 in Hexes
  1828 | D        | Killed an unseen horror
  1828 | D        | Reached *** piety under Sif Muna
  1831 | D        | Killed an unseen horror
  1958 | D        | Reached **** piety under Sif Muna
  1959 | D        | Reached skill level 10 in Conjurations
  1970 | D        | Reached ***** piety under Sif Muna
  1970 | D        | Received a gift from Sif Muna
  1971 | D        | Reached skill level 12 in Spellcasting
  2152 | D        | Found Hiekha's Distillery.
  2152 | D        | Found Kosull's Armour Shop.
  2152 | D        | Found Toihel's Armour Boutique.
  2154 | D        | Found Dowux's Book Emporium.
  2154 | D        | Found Kuitaza's General Store.
  2154 | D        | Found Bofirchokk's Weapon Shoppe.
  2154 | D        | Found Veutiuma's Book Boutique.
  2154 | D        | Found Ochosyd's Magic Scroll Emporium.
  2154 | D        | Found Vysmesch's Antique Armour Shop.
  2154 | D        | Found Zusch's Magic Scroll Shoppe.
  2158 | D        | Found Luevuf's Weapon Boutique.
  2159 | D        | Found Soegol's Assorted Antiques.
  2159 | D        | Found Niytito's Weapon Boutique.
  2160 | D        | Found Cipn's Armour Emporium.
  2229 | D        | Noticed a shining eye
  2229 | D        | Noticed a shining eye
  2229 | D        | Noticed a shining eye
  2238 | D        | Paralysed by a floating eye for 4 turns
  2238 | D        | Gained mutation: You are dopey. (Int -2) [a shining eye]
  2241 | D        | Gained mutation: Your spells are a little easier to cast,
                  | but a little less powerful. [a shining eye]
  2247 | D        | Killed a shining eye
  2247 | D        | Received a gift from Sif Muna
  2254 | D        | Killed a shining eye
  2257 | D        | Got Sif Muna's Almanac of Destructive Hexes {god gift}
  2264 | D        | Learned a level 5 spell: Fireball
  2271 | D        | Learned a level 6 spell: Conjure Ball Lightning
  2330 | D        | Noticed a shining eye
  2334 | D        | Noticed a shining eye
  2355 | D        | Paralysed by a floating eye for 4 turns
  2361 | D        | Killed a shining eye
  2372 | D        | Killed a shining eye
  2400 | D        | Killed a shining eye
  2401 | D        | Reached XP level 11. HP: 67/67 MP: 27/27
  2401 | D        | Noticed a shining eye
  2409 | D        | Killed a deep elf master archer
  2441 | D        | Killed a shining eye
  2446 | D        | Received a gift from Sif Muna
  2447 | D        | Reached skill level 10 in Fire Magic
  2453 | D        | Noticed a shining eye
  2453 | D        | Noticed a shining eye
  2482 | D        | Killed a shining eye
  2483 | D        | Reached skill level 13 in Spellcasting
  2501 | D        | Killed a shining eye
  2509 | D        | Found Kacakos's Assorted Antiques.
  2509 | D        | Found Fimejut's Assorted Antiques.
  2509 | D        | Found Qustreil's Book Emporium.
  2510 | D        | Found Taatok's Assorted Antiques.
  2513 | D        | Bought an iron ring for 130 gold pieces
  2516 | D        | Bought an onyx ring for 125 gold pieces
  2526 | D        | Bought a large steel ring for 90 gold pieces
  2529 | D        | Bought an encrusted gold wand for 72 gold pieces
  2639 | D        | Bought a +1 kite shield of reflection for 175 gold pieces
  2649 | D        | Bought a scroll of acquirement for 728 gold pieces
  2649 | D        | Acquired 1083 gold pieces
  2653 | D        | Bought a scroll of blinking for 82 gold pieces
  2654 | D        | Bought the +11 quarterstaff of Mayhem {protect, rElec rN++
                  | Will- rCorr Int+4} for 941 gold pieces
  2657 | D        | Bought a crystal hand crossbow for 195 gold pieces
  2657 | D        | Identified the +5 hand crossbow of the Singing Fool {penet,
                  | Fragile rC- rCorr Int+8} (You bought it in a shop in the
                  | Dungeon)
  2671 | D        | Bought a +0 buckler for 49 gold pieces
  2723 | D        | Reached skill level 1 in Shields
  2723 | D        | Reached ****** piety under Sif Muna
  2723 | D        | Received a gift from Sif Muna
  2855 | D        | Bought a book of Blasting for 352 gold pieces
  2860 | D        | Learned a level 4 spell: Iskenderun's Mystic Blast
  2928 | D        | Identified the +6 dagger "Koig" {antimagic, Dex+3}
  3140 | D        | Noticed a lindwurm
  3154 | D        | Killed a lindwurm
  3288 | D        | Reached skill level 5 in Dodging
  3292 | D        | Received a gift from Sif Muna
  3309 | D        | Reached skill level 14 in Spellcasting
  3458 | D        | Got Sif Muna's Advanced Guide to Witchcraft {god gift}
  3539 | D        | Noticed a 12-headed hydra
  3552 | D        | Killed a 12-headed hydra
  3552 | D        | Received a gift from Sif Muna
  3553 | D        | Reached skill level 5 in Shields
  3553 | D        | Got Xuss's Volume of Blistering Combat Magic {god gift}
  3716 | D        | Noticed a deep elf annihilator
  3723 | D        | Killed a deep elf annihilator
  3757 | D        | Noticed a mummy priest
  3758 | D        | Noticed a sixfirhy
  3768 | D        | Noticed an oklob plant
  3773 | D        | HP: 1/70 [sixfirhy[a mummy priest] (3)]
  3773 | D        | Slain by a sixfirhy

Illustrated notes

Levels and vault maps discovered:
D:        dungeon_sprint_1 [red_sonja_temple_1, red_sonja_temple_small_1]

Skill      XL: |  1  2  3  4  5  6  7  8  9 10 11 |
---------------+----------------------------------+-----
Short Blades   | 1 2 3 4 |  4.4
Stealth        | 3 4 5 6 7 8 |  8.0
Spellcasting   | 5 6 7 8 9 10 11 12 14 | 14.2
Dodging        | 3 4 5 |  5.7
Summonings     | 2 3 4 5 |  5.0
Fighting       | 1 2 3 4 |  4.3
Conjurations   | 2 4 5 7 9 11 13 | 13.6
Translocations | 3 4 5 |  5.8
Fire Magic     | 2 4 5 7 8 9 11 | 11.3
Air Magic      | 2 3 5 |  5.0
Poison Magic   | 3 4 6 |  6.1
Hexes          | 1 2 4 6 7 |  7.0
Invocations    | 4 6 7 |  7.0
Shields        | 5 |  5.0
Throwing       | |  0.6

Action                   |  1- 3 |  4- 6 |  7- 9 | 10-12 || total
-------------------------+-------+-------+-------+-------++-------
Melee: Dagger            |     7 |     9 |     2 |       ||    18
       Tentacles         |     1 |     2 |       |     3 ||     6
       Constrict         |     1 |     1 |     1 |     5 ||     8
       Short sword       |       |       |       |    10 ||    10
       Quarterstaff      |       |       |       |     2 ||     2
Throw: Dart              |       |       |     1 |       ||     1
 Cast: Magic Dart        |     6 |    16 |     4 |     3 ||    29
       Call Imp          |     8 |       |     2 |    17 ||    27
       Slow              |       |     3 |     1 |       ||     4
       Mephitic Cloud    |       |     2 |    13 |    12 ||    27
       Conjure Flame     |       |     3 |     2 |       ||     5
       Searing Ray       |       |       |     9 |    24 ||    33
       Fulminant Prism   |       |       |     9 |    10 ||    19
       Fireball          |       |       |       |    16 ||    16
       Iskenderun's Myst |       |       |       |    11 ||    11
       Blink             |       |       |       |     1 ||     1
       Conjure Ball Ligh |       |       |       |     1 ||     1
Invok: Channel Magic     |       |       |     3 |       ||     3
  Use: Potion            |     3 |       |     2 |     3 ||     8
       Scroll            |       |       |     1 |     4 ||     5
 Stab: Confused          |       |     2 |     1 |       ||     3
Armor: Skin              |       |     2 |       |     5 ||     7
Dodge: Dodged            |     1 |     2 |     8 |    46 ||    57
Block: Buckler           |       |       |       |     3 ||     3

Table legend: (Time is in decaauts)
 A = Elapsed time spent in this place.
 B = Non-inter-level travel time spent in this place.
 C = Inter-level travel time spent in this place.
 D = Time resting spent in this place.
 E = Time spent auto-exploring this place.
 F = Levels seen in this place.
 G = Mean time per level.
                   A        B        C        D        E       F      G
               +--------+--------+--------+--------+--------+-----+--------+
         Total |   3748 |   3699 |     49 |   2158 |      0 |   1 | 3748.0 |
       Dungeon |   3748 |   3699 |     49 |   2158 |      0 |   1 | 3748.0 |
               +--------+--------+--------+--------+--------+-----+--------+

Top non-repeatable levels by time:
       D: 3748 daAuts
